 Dungeon Crawl Stone Soup version 0.32-a0-616-g9348d4545b (webtiles) character file.

Game seed: 7478426478586665282

53 hikkokomori the Vexing (level 3, -8/27 HPs)
             Began as a Coglin Hexslinger on Mar 5, 2024.
             Killed from afar by Natasha (10 damage)
             ... with a rupture
             ... on level 2 of the Dungeon.
             The game lasted 00:01:18 (638 turns).

hikkokomori the Vexing (Coglin Hexslinger)           Turns: 638, Time: 00:01:18

Health: -8/27      AC:  2    Str:  8    XL:     3   Next: 89%
Magic:  5/5        EV: 12    Int: 12    God:
Gold:   64         SH:  0    Dex: 18    Spells: 4/4 levels left

rFire   . . .        a - +1 sling {Esteban}
rCold   . . .        d - -2 sling {Tae}
rNeg    . . .        c - +0 robe
rPois   .            (no helmet)
rElec   .            (no cloak)
rCorr   .            (no gloves)
SInv    .            (no boots)
Will    .....        (amulet unavailable)
Stlth   ++           (ring unavailable)
HPRegen 0.24/turn    (ring unavailable)
MPRegen 0.09/turn    (no gizmo)

%: no passive effects
@: slowed, revving, very slow
A: off-hand wielding, slow wielding, warmup strikes, no jewellery
a: Invent Gizmo


You were on level 2 of the Dungeon.
You visited 1 branch of the dungeon, and saw 2 of its levels.

You collected 64 gold pieces.

Inventory:

Hand Weapons
 a - a +1 sling (weapon) {Esteban}
 d - a -2 sling (offhand) {Tae}
Armour
 c - a +0 robe (worn)
Scrolls
 b - a scroll of poison
Potions
 e - a potion of ambrosia {unknown}
 f - a potion of haste {unknown}
 g - a potion of enlightenment


   Skills:
 + Level 1.7 Fighting
 + Level 2.2 Ranged Weapons
 - Level 2.0 Dodging
 + Level 1.4 Spellcasting
 + Level 3.0 Hexes
 + Level 1.4 Fire Magic


You had 4 spell levels left.
You didn't know any spells.
Your spell library contained the following spells:

 Spells                   Type           Power      Damage    Failure   Level
 Jinxbite                 Hex            16%        N/A       12%         2
 Sigil of Binding         Hex            8%         N/A       24%         3
 Inner Flame              Hex/Fire       6%         N/A       34%         3
 Cause Fear               Hex            4%         N/A       63%         4
 Dimensional Bullseye     Hex/Tloc       2%         N/A       83%         4
 Flame Wave               Conj/Fire      2%         2d4       91%         4
 Sticky Flame             Fire/Alch      2%         2d4       91%         4


Dungeon Overview and Level Annotations

Branches:
Dungeon (2/15)

Altars:

Annotations:
D:2 Natasha


Innate Abilities, Weirdness & Mutations

You can wield a second weapon in your off-hand.
It takes a long time for you to wield or remove held weapons.
Your first few attacks do less damage.
You cannot equip rings or amulets.


Message History

You shoot a sling bullet. The sling bullet hits Natasha.
Natasha is moderately wounded.
You shoot a sling bullet.
The sling bullet hits Natasha but does no damage.
Natasha is moderately wounded.
Fire: a) +1 sling {Esteban}
Press: ? - help, Shift-Dir - straight line, f/p - Natasha
Aim: Natasha, carrying a wand of warping (moderately wounded, 53% to hit)
You shoot a sling bullet. The sling bullet hits Natasha.
Natasha is severely wounded.
You shoot a sling bullet. The sling bullet barely misses Natasha.
Natasha casts a spell at you.
You feel yourself slow down.
The cerulean imp hits you from afar with a +1 spear.
Fire: a) +1 sling {Esteban}
Press: ? - help, Shift-Dir - straight line, f/p - Natasha
Aim: Natasha, carrying a wand of warping (severely wounded, 53% to hit)
You shoot a sling bullet. The sling bullet hits Natasha.
Natasha is almost dead.
You shoot a sling bullet.
The sling bullet closely misses Natasha.
Natasha wildly gestures.
You feel disoriented.
The cerulean imp hits you from afar with a +1 spear.
Natasha casts a spell at you.
You feel as though you will be slow longer.
The cerulean imp attacks as it pursues you!
The cerulean imp hits you from afar with a +1 spear.
The cerulean imp barely misses you.
The cerulean imp hits you from afar with a +1 spear.
Natasha casts a spell at you. The magic dart hits you.
* * * LOW HITPOINT WARNING * * *
The cerulean imp attacks as it pursues you!
The cerulean imp hits you from afar with a +1 spear.
* * * LOW HITPOINT WARNING * * *
Natasha zaps a wand.
Space twists violently!
The rupture engulfs you!
You blink.
You die...
Natasha begins licking her fur clean.

#..# #..#
#..+########+..#
#..............#
#.#..#.#.######
#.#..#.#§#
#.#..#.#.#
#.####.5h#
#.##....@#
#.##.#...#
#.#.......
...####.#........
≈≈≈≈≈≈≈.#.........
.....~#.#..........
.~....#.#......†....
.....
#.#...........#
#...# #.#


You could see Natasha and a cerulean imp (summoned).

Vanquished Creatures
  3 gnolls (D:1)
  A dart slug (D:1)
  2 endoplasms (D:1)
  2 goblins (D:1)
  2 hobgoblins (D:1)
  2 quokkas (D:1)
  3 ball pythons (D:1)
  5 frilled lizards
  A kobold (D:1)
  3 rats (D:1)
24 creatures vanquished.

Notes
Turn   | Place    | Note
-------+----------+-------------------------------------------
     0 | D:1      | hikkokomori the Coglin Hexslinger began the quest for the
                  | Orb.
     0 | D:1      | Reached XP level 1. HP: 15/15 MP: 2/2
    26 | D:1      | Reached skill level 1 in Fire Magic
    26 | D:1      | Reached XP level 2. HP: 21/21 MP: 3/3
   163 | D:1      | Reached XP level 3. HP: 26/26 MP: 4/4
   209 | D:1      | Found a faded altar of an unknown god.
   299 | D:1      | Reached skill level 3 in Hexes
   631 | D:2      | Noticed Natasha
   638 | D:2      | Killed from afar by Natasha

Illustrated notes

Levels and vault maps discovered:
D:1:      sevenhm_arrival_forest_fort_small_6, layout_rooms,
          hellmonk_ecumenical_altar_zigzags, chequers_serial_rivers_room_b,
          nicolae_concentric_dashed_squares_mild
D:2:      layout_basic, chequers_serial_rivers_micro_e, minivault_11,
          dreamdust_wishing_well, uniq_natasha, uniq_terence

Skill      XL: |  1  2  3 |
---------------+----------+-----
Ranged Weapons | 2 |  2.2
Fire Magic     | 1 |  1.4
Dodging        | 2 |  2.0
Hexes          | 3 |  3.0
Fighting       | |  1.7
Spellcasting   | |  1.4

Action                     || total
---------------------------++-------
   Fire: Sling             ||   102
    Use: Scroll            ||     1
 Armour: Robe              ||    10
  Dodge: Dodged            ||    10

Table legend: (Time is in decaauts)
 A = Elapsed time spent in this place.
 B = Non-inter-level travel time spent in this place.
 C = Inter-level travel time spent in this place.
 D = Time resting spent in this place.
 E = Time spent auto-exploring this place.
 F = Levels seen in this place.
 G = Mean time per level.
                   A        B        C        D        E       F      G
               +--------+--------+--------+--------+--------+-----+--------+
         Total |    657 |    628 |     29 |      0 |    515 |   2 |  328.5 |
       Dungeon |    657 |    628 |     29 |      0 |    515 |   2 |  328.5 |
               +--------+--------+--------+--------+--------+-----+--------+

Top non-repeatable levels by time:
     D:1: 617 daAuts
     D:2: 39 daAuts
